 Dungeon Crawl Stone Soup version 0.28.0 (webtiles) character file.

Game seed: 6232142249345843987

5373 bande the Cleaver (level 10, 0/63 HPs)
             Began as a Gargoyle Fighter on Feb 8, 2022.
             Slain by a yak (9 damage)
             ... on level 1 of the Lair of Beasts.
             The game lasted 00:17:20 (11805 turns).

bande the Cleaver (Gargoyle Fighter)               Turns: 11805, Time: 00:17:20

Health: 0/63       AC: 34    Str: 21    XL:     10   Next: 66%
Magic:  10/10      EV:  6    Int:  8    God:
Gold:   511        SH:  5    Dex: 13    Spells: 9/9 levels left

rFire   . . .      SeeInvis .   a - +1 war axe
rCold   . . .      Faith    .   c - +0 buckler
rNeg    + . .      Spirit   .   l - +0 plate armour
rPois   ∞          Reflect  .   s - +1 helmet
rElec   +          Harm     .   j - +0 cloak
rCorr   .          Rampage  .   (no gloves)
Will    .....                   b - +0 pair of boots
Stlth   ..........              (no amulet)
HPRegen 0.20/turn               u - +4 ring of protection
MPRegen 0.12/turn               m - +4 ring of protection

@: unable to read
A: sickness immunity, AC +7, negative energy resistance 1, electricity
resistance, torment resistance 1, petrification resistance, hooves 1, evolution
1, inability to read while threatened, noise suppression
a: no special abilities


You were on level 1 of the Lair of Beasts.
You visited 3 branches of the dungeon, and saw 10 of its levels.

You collected 511 gold pieces.

Inventory:

Hand Weapons
 a - a +1 war axe (weapon)
 h - a +2 vorpal flail
Missiles
 o - 4 throwing nets (quivered)
Armour
 b - a +0 pair of boots (worn)
 c - a +0 buckler (worn)
 j - a +0 cloak (worn)
 l - a +0 plate armour (worn)
 s - a +1 helmet (worn)
Jewellery
 i - a +6 ring of strength
 m - a +4 ring of protection (right hand)
 r - a ring of ice
 u - a +4 ring of protection (left hand)
 w - an amulet of faith
Wands
 d - a wand of polymorph (5)
 p - a wand of paralysis (5)
 v - a wand of flame (10)
Scrolls
 k - 6 scrolls of teleportation
 q - a scroll of enchant weapon
 x - a scroll of identify
Potions
 e - a potion of magic
 f - a potion of berserk rage {unknown}
 g - a potion of haste
 n - a potion of heal wounds
 t - a potion of ambrosia
 z - 2 potions of cancellation {unknown}


   Skills:
 + Level 7.3 Fighting
 + Level 9.6 Axes
 + Level 8.9 Armour
 + Level 6.0 Shields
 * Level 4.2 Evocations


You had 9 spell levels left.
You didn't know any spells.
Your spell library contained the following spells:

 Spells                   Type           Power      Damage    Failure   Level
 Sting                    Tmut/Pois      0%         1d3       100%        1
 Poisonous Vapours        Pois/Air       0%         N/A       100%        2
 Olgreb's Toxic Radiance  Pois           0%         N/A       100%        4


Dungeon Overview and Level Annotations

Branches:
Dungeon (8/15)             Temple (1/1) D:4            Lair (1/6) D:8

Altars:
Ashenzari
Cheibriados
Dithmenos
Elyvilon
Fedhas
Gozag
Kikubaaqudgha
Makhleb
Nemelex Xobeh
Qazlal
Ru
Sif Muna
Trog
Uskayaw
Vehumet
Wu Jian
Xom
Yredelemnul
Zin
The Shining One


Innate Abilities, Weirdness & Mutations

You are immune to sickness and miasma.
Your stone body is resilient. (AC +7)
You are immune to poison.
You resist negative energy. (rN+)
You are resistant to electric shocks. (rElec)
You are resistant to unholy torment.
You are immune to petrification.
You have large cloven feet.
You have hidden genetic potential.
You sometimes lose the ability to read scrolls when taking damage.
You passively dampen the noise of your surroundings.


Message History

The yak gores you but does no damage. x4; You block the yak's attack.
You slash the yak!
The yak is heavily wounded.
You slash the yak! You closely miss the yak. You hit the yak but do no damage.
The yak gores you but does no damage. x2; The yak gores you!
The yak gores you but does no damage.
You slash the yak!
The yak is severely wounded.
You slash the yak! You hit the yak. You slash the yak! The yak gores you!
You feel threatened and lose the ability to read scrolls!
The yak gores you but does no damage. x2; The yak barely misses you.
You barely miss the yak.
The yak is severely wounded.
You hit the yak but do no damage. You completely miss the yak.
You barely miss the yak.
The yak gores you but does no damage. x2
You block the yak's attack. The yak gores you!
You barely miss the yak.
The yak is severely wounded.
You hit the yak but do no damage. You barely miss the yak. You slash the yak!
The yak gores you but does no damage. You block the yak's attack.
The yak gores you. The yak barely misses you.
Unknown command.
You slash the yak!
The yak is moderately wounded.
You slash the yak! You barely miss the yak. You hit the yak.
The yak gores you but does no damage. The yak gores you!
* * * LOW HITPOINT WARNING * * *
The yak gores you but does no damage. The yak barely misses you.
You barely miss the yak.
The yak is moderately wounded.
You barely miss the yak. You hit the yak. You slash the yak!
You kill the yak!
The yak gores you!
* * * LOW HITPOINT WARNING * * *
The yak gores you but does no damage. x2
Your Shields skill increases to level 6!
You slash the yak!
The yak is severely wounded.
You hit the yak but do no damage. x2; The yak gores you!
You die...

...#... #...... ###
#.....#####.#####
.......##...#...###
..................###
....................##
.....................##
......................#
......#.....$...@Y....#
.....##.........YY......
......##.#.###P.........
.......##### #######....
.[......# #.. ........#
. .......## .......#
.......##


You could see 3 yaks.

Vanquished Creatures
  Harold (D:7)
  2 hydras (Lair:1)
  Prince Ribbit (D:4)
  Sigmund (D:5)
  A wyvern (D:8)
  A yak (Lair:1)
  A basilisk (Lair:1)
  An acid dragon (D:7)
  2 water moccasins
  A necrophage (D:6)
  2 ice beasts
  4 centaurs (D:8)
  3 ogres
  A phantom (D:5)
  Blork the orc (D:5)
  A kobold brigand (D:6)
  A bullfrog (D:6)
  A gnoll sergeant (D:6)
  2 scorpions
  A water moccasin skeleton (D:5)
  A howler monkey (D:4)
  3 centaur zombies
  3 gnoll shamans
  A bullfrog zombie (D:5)
  3 hounds
  2 centaur skeletons
  6 iguanas
  6 orc wizards
  2 killer bee zombies
  A hound skeleton (D:4)
  A howler monkey skeleton (D:6)
  17 gnolls
  2 adders
  A shadow imp (D:7)
  3 white imps
  4 adder skeletons (D:4)
  5 dart slugs
  17 orcs
  4 ball pythons
  4 endoplasms
  A giant cockroach (D:3)
  6 goblins
  9 hobgoblins
  4 jackals (D:4)
  2 quokkas
  2 bats
  7 frilled lizards
  7 kobolds
  A rat (D:1)
154 creatures vanquished.

Vanquished Creatures (others)
  2 plants (D:3)
2 creatures vanquished.

Grand Total: 156 creatures vanquished

Notes
Turn   | Place    | Note
-------+----------+-------------------------------------------
     0 | D:1      | bande the Gargoyle Fighter began the quest for the Orb.
     0 | D:1      | Reached XP level 1. HP: 14/14 MP: 1/1
   378 | D:1      | Reached XP level 2. HP: 14/19 MP: 2/2
  1340 | D:1      | Reached skill level 2 in Axes
  1897 | D:2      | Reached XP level 3. HP: 23/23 MP: 3/3
  1898 | D:2      | Found a white marble altar of Elyvilon.
  2231 | D:3      | Found a faded altar of an unknown god.
  2280 | D:3      | Found a broken altar of Ashenzari.
  2341 | D:3      | Reached XP level 4. HP: 10/29 MP: 4/4
  2349 | D:3      | Reached skill level 3 in Axes
  2738 | D:3      | Found an ornate altar of the Wu Jian Council.
  2884 | D:4      | Noticed a scorpion
  2893 | D:4      | Killed a scorpion
  2894 | D:4      | Reached XP level 5. HP: 25/33 MP: 5/5
  3042 | D:4      | Found a staircase to the Ecumenical Temple.
  3049 | Temple   | Entered the Ecumenical Temple
  3321 | D:4      | Reached XP level 6. HP: 38/38 MP: 6/6
  3333 | D:4      | Reached skill level 4 in Axes
  4183 | D:5      | Entered Level 5 of the Dungeon
  4209 | D:5      | Reached skill level 5 in Armour
  4376 | D:5      | Noticed Prince Ribbit
  4438 | D:4      | Killed Prince Ribbit
  4439 | D:4      | Reached skill level 5 in Axes
  4439 | D:4      | Reached XP level 7. HP: 7/44 MP: 7/7
  5590 | D:5      | Noticed Sigmund
  5603 | D:5      | Reached XP level 8. HP: 32/48 MP: 8/8
  5605 | D:5      | Killed Sigmund
  5606 | D:5      | Reached skill level 5 in Fighting
  5606 | D:5      | Reached skill level 6 in Axes
  6219 | D:5      | Noticed Blork the orc
  6228 | D:5      | Killed Blork the orc
  7214 | D:6      | Reached skill level 7 in Axes
  7377 | D:6      | Reached XP level 9. HP: 55/55 MP: 9/9
  7875 | D:6      | Reached skill level 1 in Evocations
  8516 | D:7      | Reached skill level 5 in Shields
  8545 | D:7      | Reached skill level 8 in Axes
  8818 | D:7      | Gained mutation: Potions are less effective at restoring
                  | your health. [potion of mutation]
  8818 | D:7      | Gained mutation: You are agile. (Dex +2) [potion of
                  | mutation]
  8925 | D:7      | Found a burning altar of Makhleb.
  9184 | D:7      | Noticed Harold
  9199 | D:7      | Killed Harold
  9677 | D:7      | Found a hide-covered altar of Uskayaw.
  9696 | D:7      | Lost mutation: Potions are less effective at restoring your
                  | health. [potion of mutation]
  9696 | D:7      | Lost mutation: You are agile. (Dex +2) [potion of mutation]
  9696 | D:7      | Gained mutation: You sometimes lose the ability to read
                  | scrolls when taking damage. [potion of mutation]
  9696 | D:7      | Gained mutation: You have hidden genetic potential. [potion
                  | of mutation]
  9696 | D:7      | Gained mutation: You have large cloven feet. [potion of
                  | mutation]
  9934 | D:8      | Reached XP level 10. HP: 30/61 MP: 10/10
 10302 | D:8      | Reached skill level 9 in Axes
 10510 | D:8      | Found a staircase to the Lair.
 10890 | Lair:1   | Entered Level 1 of the Lair of Beasts
 10984 | Lair:1   | Noticed a five-headed hydra
 10997 | Lair:1   | Killed a five-headed hydra
 11374 | Lair:1   | Noticed a four-headed hydra
 11392 | Lair:1   | Killed a four-headed hydra
 11394 | Lair:1   | Gained mutation: You passively dampen the noise of your
                  | surroundings. [hidden potential]
 11805 | Lair:1   | Slain by a yak

Illustrated notes

Levels and vault maps discovered:
D:1:      sevenhm_arrival_forest_fort_large_4, layout_loops_corners
D:2:      layout_rooms, basic_altar, wander_ebering_terrifying_dragon_lair
D:3:      layout_rooms, mainiacjoe_overflow_alcove_2,
          cheibrodos_ashenzari_chains, shapermc_ecumenical_altar_gd
D:4:      kennysheep_spiral_hall, layout_cave_pools, minmay_temple_entry_wispy
D:5:      layout_basic, uniq_prince_ribbit1, uniq_blork_the_orc, uniq_sigmund
D:6:      wad_pebble_path, layout_loops_corners
D:7:      layout_basic, bloody_makhleb, eat_drink_and_be_merry_uskayaw,
          uniq_harold
D:8:      layout_basic, lair_entry_dummy, enter_bailey_7
Temple:   eino_temple_rhombus
Lair:1:   layout_hall_layers, small_statue_intersection

Skill      XL: |  1  2  3  4  5  6  7  8  9 10 |
---------------+-------------------------------+-----
Axes           | 2 3 5 7 8 9 |  9.6
Armour         | 4 5 6 7 8 |  8.9
Fighting       | 4 5 6 7 |  7.3
Shields        | 4 5 6 |  6.0
Evocations     | 2 4 |  4.2

Action                   |  1- 3 |  4- 6 |  7- 9 | 10-12 || total
-------------------------+-------+-------+-------+-------++-------
Melee: War axe           |    95 |   118 |   302 |    70 ||   585
       Flail             |       |       |       |    24 ||    24
  Use: Scroll            |     8 |     2 |     5 |     1 ||    16
       Potion            |       |     1 |     3 |       ||     4
Armor: Scale mail        |    51 |    27 |       |       ||    78
       Plate armour      |       |    72 |   250 |   152 ||   474
Dodge: Dodged            |    37 |    33 |   133 |    34 ||   237
Block: Buckler           |    18 |    22 |    77 |    44 ||   161
